 Dungeon Crawl Stone Soup version 0.20.1-1-g8b1a95d (webtiles) character file.

130 NikLuk the Bolt Thrower (level 4, 0/38 HPs)
             Began as a Minotaur Hunter on Aug 19, 2017.
             Slain by flt's ghost (2 damage)
             ... on level 3 of the Dungeon.
             The game lasted 00:15:36 (1808 turns).

NikLuk the Bolt Thrower (Minotaur Hunter)           Turns: 1808, Time: 00:15:38

Health: 0/38       AC:  7    Str: 17    XL:     4   Next: 89%
Magic:  3/3        EV: 12    Int:  8    God:
Gold:   167        SH:  0    Dex: 11    Spells: 3/3 levels left

rFire    . . .     SeeInvis .   a - +1 hand crossbow
rCold    . . .     Gourm    .   (no shield)
rNeg     . . .     Faith    .   i - +0 ring mail
rPois    .         Spirit   .   (helmet restricted)
rElec    .         Reflect  .   (no cloak)
rCorr    .         Harm     .   (no gloves)
MR       .....                  j - +1 pair of boots
Stlth    +.........             (no amulet)
Regen    0.2/turn               o - +1 ring of evasion
MPRegen  0.1/turn               (no ring)

@: no status effects
A: retaliatory headbutt, horns 2
a: no special abilities


You were on level 3 of the Dungeon.
You were not hungry.

You visited 1 branch of the dungeon, and saw 3 of its levels.

You collected 167 gold pieces.

Inventory:

Hand Weapons
 a - a +1 hand crossbow (weapon)
 b - a +0 short sword
 k - a +0 whip
 p - a +0 spear
Missiles
 d - 20 bolts (quivered)
 e - 19 arrows
 g - 7 tomahawks
 l - 49 stones
Armour
 c - a +0 leather armour
 i - a +0 ring mail (worn)
 j - a +1 pair of boots (worn)
Jewellery
 o - a +1 ring of evasion (left hand)
Scrolls
 h - 2 scrolls of identify
Comestibles
 f - 2 bread rations
 n - 2 meat rations
 q - a royal jelly


   Skills:
 + Level 3.0 Fighting
 + Level 5.9 Crossbows
 + Level 1.0 Throwing
 + Level 2.1 Armour
 + Level 2.4 Dodging
 + Level 0.7 Stealth


You had 3 spell levels left.
You didn't know any spells.

Dungeon Overview and Level Annotations

Branches:
Dungeon (3/15)

Altars:

Annotations:
D:3 flt's ghost, amateur MfIE


Innate Abilities, Weirdness & Mutations

You reflexively headbutt those who attack you in melee.
You have a pair of horns on your head.


Message History

Aim: flt's ghost (moderately damaged)
You shoot a bolt. The bolt hits flt's ghost.
Flt's ghost is heavily damaged.
Flt's ghost hits you.
* * * LOW HITPOINT WARNING * * *
You see here a club.
You see here a halberd.
Things that are here:
a halberd; a gnoll skeleton Flt's ghost hits you but does no damage.
Items here: )) [ ÷÷ a dagger; a robe; a club; an orc skeleton; a hobgoblin skeleton Flt's ghost casts a spell at you.
You are frozen.
* * * LOW HITPOINT WARNING * * *
Firing (i - inventory. (,) - cycle):
d - 21 bolts (quivered)
Press: ? - help, Shift-Dir - straight line, f/p - flt's ghost
Aim: flt's ghost (heavily damaged)
You shoot a bolt. The bolt misses flt's ghost.
Flt's ghost hits you.
You die...

#.#####.####.##..####
.............##...
###.###÷########.##
#.# .. #(# #(######
#.÷)).J# ######W##
#@..# #.#.....#
#...##.## ..... #
#######


You could see flt's ghost and an ooze.

Vanquished Creatures
  An orc wizard (D:3)
  4 gnolls (D:3)
  2 adders (D:2)
  An ooze (D:1)
  A leopard gecko (D:2)
  2 orcs (D:3)
  3 bats (D:1)
  A giant cockroach (D:1)
  6 goblins
  6 hobgoblins
  5 jackals
  2 kobolds
  A frilled lizard (D:2)
  A rat (D:1)
  A plant (D:1)
37 creatures vanquished.

Notes
Turn   | Place    | Note
-------+----------+-------------------------------------------
     0 | D:1      | NikLuk the Minotaur Hunter began the quest for the Orb.
     0 | D:1      | Reached XP level 1. HP: 18/18 MP: 0/0
   433 | D:1      | Reached XP level 2. HP: 24/25 MP: 1/1
   567 | D:1      | Reached skill level 5 in Crossbows
  1065 | D:2      | Reached XP level 3. HP: 30/30 MP: 2/2
  1135 | D:2      | Reached skill level 1 in Armour
  1461 | D:3      | Reached XP level 4. HP: 17/37 MP: 3/3
  1480 | D:3      | Reached skill level 1 in Throwing
  1776 | D:3      | Noticed flt's ghost (amateur MfIE)
  1807 | D:3      | HP: 1/38 [flt's ghost/Freeze (9)]
  1808 | D:3      | Slain by flt's ghost

Skill      XL: |  1  2  3  4 |
---------------+-------------+-----
Crossbows      | 5 |  5.9
Armour         | 1 2 |  2.1
Fighting       | 3 |  3.0
Throwing       | 1 |  1.0
Dodging        | |  2.4
Stealth        | |  0.7

Action                   |  1- 3 |  4- 6 || total
-------------------------+-------+-------++-------
Melee: Short sword       |    24 |       ||    24
       Headbutt          |     8 |       ||     8
       Whip              |     3 |       ||     3
 Fire: Hand crossbow     |    47 |    27 ||    74
Throw: Tomahawk          |    16 |       ||    16
       Stone             |     6 |       ||     6
  Use: Scroll            |     4 |       ||     4
       Potion            |     4 |       ||     4
  Eat: Bread ration      |     1 |       ||     1
       Chunk             |     1 |       ||     1
Armor: Ring mail         |    21 |    11 ||    32
       Plate armour      |     1 |       ||     1
Dodge: Dodged            |    45 |    19 ||    64
